 Dungeon Sprint DCSS version 0.24.1-5-g77f818bfca (webtiles) character file.

Game seed: 4011204966143451576, levelgen mode: deterministic

630355 Doot the Heavyweight Champion (level 27, 256/256 HPs)
             Began as a Troll Fighter on Apr 23, 2020.
             Was the Champion of the Shining One.
             Escaped with the Orb!
             The game lasted 00:38:28 (5061 turns).

Doot the Heavyweight Champion (Troll Fighter)       Turns: 5061, Time: 00:38:29

Health: 256/256    AC: 40    Str: 47    XL:     27
Magic:  35/35      EV:  9    Int: 12    God:    the Shining One [******]
Gold:   9548       SH: 38    Dex:  5    Spells: 31/31 levels left

rFire    + . .     SeeInvis +     - Unarmed
rCold    + + +     Gourm    +   x - +8 large shield of Dirgh {+Fly rCorr}
rNeg     + + +     Faith    .   z - +12 gold dragon scales
rPois    +         Spirit   .   u - +1 hat of Xyisoe {rC+ MP-9 Int+6 Dex-4}
rElec    .         Reflect  .   t - +0 cloak "Geagy" {rN+ Regen+ Str+2 Int+5}
rCorr    +         Harm     .   (gloves unavailable)
MR       +++..     NoTele   +   (boots unavailable)
Stlth    ..........             p - amulet of the Median {+Rage Int+4}
HPRegen  1.32/turn              E - ring "Suer Pac" {rPois MP+9 Int-5 Slay+3 SInv}
MPRegen  0.24/turn              F - ring "Afideov" {*Drain rC+ MR+ Str+4 SInv}

@: glowing, studying Polearms
A: large, unfitting armour, claws 3, hooves 1, dopey 1, fast metabolism 3,
gourmand, regeneration 1, screaming 1, shaggy fur 1, tough skin 3
0: Orb of Zot
}: 5/15 runes: decaying, slimy, elven, silver, gossamer
a: Divine Shield, Cleansing Flame, Summon Divine Warrior, Brand Weapon With Holy
Wrath, Renounce Religion, Evoke Berserk Rage, Evoke Flight


You escaped.
You worshipped the Shining One.
The Shining One was exalted by your worship.
You were not hungry.

You visited 1 branch You collected 28594 gold pieces.
You spent 18475 gold pieces at shops.
You paid 571 gold pieces to Gozag.

Inventory:

Missiles
 w - 11 javelins
 H - 8 silver javelins (quivered)
Armour
 a - a +0 robe
 b - a +0 shield
 s - the +5 shield of Bedevilment {Int+4}
   (You bought it in a shop in the Dungeon)

   It affects your intelligence (+4).
 t - the +0 cloak "Geagy" (worn) {rN+ Regen+ Str+2 Int+5}
   (You bought it in a shop in the Dungeon)

   It affects your strength (+2).
   It affects your intelligence (+5).
   It protects you from negative energy.
   It increases your rate of regeneration.
 u - the +1 hat of Xyisoe (worn) {rC+ MP-9 Int+6 Dex-4}
   (You bought it in a shop in the Dungeon)

   It affects your intelligence (+6).
   It affects your dexterity (-4).
   It protects you from cold.
   It affects your magic capacity (-9).
 v - a +0 troll leather armour
 x - the +8 large shield of Dirgh (worn) {+Fly rCorr}
   (You bought it in a shop in the Dungeon)

   It lets you fly.
   It provides partial protection from all sources of acid and corrosion.
 z - +12 gold dragon scales (worn)
 L - a +0 hat of see invisible
Jewellery
 o - the ring "Ceqiem" {+Inv +Fly rC- rN+++ Dex+2}
   (You bought it in a shop in the Dungeon)

   [ring of dexterity]

   It affects your dexterity (+2).
   It makes you vulnerable to cold.
   It renders you almost immune to negative energy.
   It lets you turn invisible.
   It lets you fly.
 p - the amulet of the Median (around neck) {+Rage Int+4}
   (You bought it in a shop in the Dungeon)

   [amulet of rage]

   It affects your intelligence (+4).
   It lets you go berserk.
 q - the ring "Femol" {rPois rN+++ AC+2 Int+2 Stlth-}
   (You bought it in a shop in the Dungeon)

   [ring of protection]

   It affects your AC (+2).
   It affects your intelligence (+2).
   It protects you from poison.
   It renders you almost immune to negative energy.
   It makes you less stealthy.
 r - the ring "Pubod" {rC+ rN+}
   (You bought it in a shop in the Dungeon)

   [ring of protection from cold]

   It protects you from cold.
   It protects you from negative energy.
 A - an uncursed ring of protection from magic
 C - an uncursed ring of ice
 D - the ring of Feolyh {rC+ MR+}
   (You bought it in a shop in the Dungeon)

   [ring of protection from cold]

   It protects you from cold.
   It affects your resistance to hostile enchantments.
 E - the ring "Suer Pac" (left claw) {rPois MP+9 Int-5 Slay+3 SInv}
   (You bought it in a shop in the Dungeon)

   [ring of slaying]

   It affects your intelligence (-5).
   It affects your accuracy and damage with ranged weapons and melee attacks
   (+3).
   It protects you from poison.
   It affects your magic capacity (+9).
   It lets you see invisible.
 F - the ring "Afideov" (right claw) {*Drain rC+ MR+ Str+4 SInv}
   (You bought it in a shop in the Dungeon)

   [ring of protection from cold]

   It affects your strength (+4).
   It protects you from cold.
   It affects your resistance to hostile enchantments.
   It lets you see invisible.
   It causes draining when unequipped.
 J - a +3 ring of dexterity {unknown}
Wands
 k - a wand of acid (5)
 l - a wand of iceblast (5)
Scrolls
 j - 26 scrolls of blinking
 m - 27 scrolls of fog
 B - 6 scrolls of silence
Potions
 c - 12 potions of might
 e - 23 potions of curing
 f - 36 potions of heal wounds
 g - 26 potions of haste
 h - 2 potions of magic
 i - 20 potions of berserk rage
 n - 13 potions of resistance
 K - 12 potions of agility
Books
 G - a manual of Polearms
Miscellaneous
 y - a lamp of fire
Comestibles
 d - 56 rations


   Skills:
 + Level 12.0 Fighting
 + Level 1.3 Polearms
 * Level 24.8 Throwing
 + Level 17.8 Armour
 + Level 11.2 Dodging
 + Level 3.6 Stealth
 O Level 27 Shields
 O Level 27 Unarmed Combat
 + Level 2.5 Spellcasting
 + Level 19.9 Invocations
 + Level 5.1 Evocations


You had 31 spell levels left.
You didn't know any spells.
Your spell library was empty.

Dungeon Overview and Level Annotations

Branches:
Dungeon (1/1)

Altars:
Cheibriados
Dithmenos
Fedhas
Gozag
Kikubaaqudgha
Makhleb
Okawaru
Qazlal
Ru
Sif Muna
Trog
Uskayaw
Vehumet
Wu Jian
Xom
Yredelemnul
Zin
The Shining One
Beogh
Jiyva
Lugonu

Shops:
D *[??*?*:[((!!


Innate Abilities, Weirdness & Mutations

You are too large for most types of armour.
You have claws for hands.
Your metabolism is lightning-fast.
You like to eat raw meat.
Your natural rate of healing is unusually fast.
You are covered in fur. (AC +1)
You have extremely tough skin. (AC +3)
You have large cloven feet.
You are dopey. (Int -2)
You occasionally shout uncontrollably at your foes.


Message History

Unknown command.
You pick up the Orb of Zot!
The Orb lets out a hideous shriek!
The lords of Pandemonium are not amused.
Beware!
Now all you have to do is get back out of the dungeon!
Unknown command.
There is a staircase leading out of the dungeon, spattered with blood here.
You start resting.
You feel yourself slow down.
You start resting.
You feel a little less mighty now.
You start resting.
HP restored.
You start waiting.
A rust devil comes into view.
A hellion comes into view.
You claw the rust devil! You kick the rust devil.
The rust devil is heavily wounded.
You block the rust devil's attack. You block the rust devil's attack.
You have escaped!

#_(..(..[_# ###([.∩(([[.###
#([.[)[[(.[.)⌠#
######.8.(.)...(.8.######
##∩___....()###†...[..._∩##
###∩...(..).8.# #.8.([(....∩###
##......(.((...###.....[.......##
#⌠...(.(..).###..4###...(..[...⌠#
#⌠.((((...)[# #.@.# #....[...[[⌠#
#((...((.([)###|..###..[(......⌠#
##........[[).)###..[[...(.....##
###∩..[..[))8.# #.8[.[.....∩###
##∩___))..2.###......___∩##
######(8.........8.######
#⌠}..(.[.[...[# ###[[.[..[..###
#_........#


You could see a rust devil and a hellion.

Vanquished Creatures
  Dissolution (D)
  Tiamat (D)
  An orb of fire (D)
  5 ancient liches (D)
  Boris (twice) (D)
  Fannar (D)
  Geryon (D)
  Arachne (D)
  Jory (D)
  8 Orb Guardians (D)
  9 liches (D)
  2 deep elf blademasters (D)
  An azure jelly (D)
  A balrug (D)
  3 deep elf sorcerers (D)
  A ghost moth (shapeshifter) (D)
  A reaper (D)
  A very ugly thing (D)
  4 vampire knights (D)
  2 deep elf demonologists (D)
  A lorocyproca (D)
  A deep elf annihilator (D)
  2 deep elf death magi (D)
  3 merfolk javelineers (D)
  3 death oozes (D)
  A green death (D)
  A deep elf high priest (D)
  2 merfolk impalers (D)
  A wizard (D)
  2 vault guards (D)
  An alligator snapping turtle (D)
  3 merfolk aquamancers (D)
  14 centaur warriors (D)
  An anaconda (D)
  4 dancing weapons (D)
  An ogre mage (D)
  10 vampire magi (D)
  A shock serpent (D)
  An orc high priest (D)
  3 deep elf knights (D)
  2 soul eaters (D)
  A small abomination (D)
  An iron troll (D)
  4 deep trolls (D)
  2 glowing orange brains (shapeshifter) (D)
  2 deep trolls (shapeshifter) (D)
  An orc knight (D)
  12 orb spiders (D)
  A necromancer (D)
  3 deep elf magi (D)
  2 harpies (D)
  A shining eye (D)
  18 ugly things (D)
  A mana viper (shapeshifter) (D)
  A salamander (D)
  4 moths of wrath (D)
  A manticore (D)
  4 black mambas (D)
  A manticore (shapeshifter) (D)
  2 rust devils (D)
  2 water nymphs (D)
  A guardian serpent (shapeshifter) (D)
  A spiny frog (shapeshifter) (D)
  A naga mage (D)
  2 spiny frogs (D)
  A demonic crawler (D)
  An ice devil (D)
  2 merfolk (D)
  4 trolls (D)
  A merfolk (shapeshifter) (D)
  A wind drake (D)
  A blink frog (D)
  2 hippogriffs (shapeshifter) (D)
  3 slime creatures (D)
  An air elemental (D)
  6 hungry ghosts (D)
  2 golden eyes (D)
  6 insubstantial wisps (D)
  A naga (D)
  A floating eye (D)
  A floating eye (shapeshifter) (D)
  5 sky beasts (D)
  An orc warrior (D)
  4 bullfrogs (D)
  5 earth elementals (D)
  A scorpion (D)
  8 orc priests (D)
  2 iron imps (D)
  3 orc wizards (D)
  A hell rat (D)
  5 oozes (D)
  3 worms (D)
  2 giant cockroaches (D)
  3 crawling corpses (D)
251 creatures vanquished.

Vanquished Creatures (collateral kills)
  2 ancient liches (D)
  2 liches (D)
4 creatures vanquished.

Vanquished Creatures (others)
  A dancing weapon (D)
  2 orb spiders (D)
3 creatures vanquished.

Grand Total: 258 creatures vanquished

Notes
Turn   | Place    | Note
-------+----------+-------------------------------------------
     0 | D        | Doot the Troll Fighter began the quest for the Orb.
     0 | D        | Reached XP level 1. HP: 22/22 MP: 0/0
     1 | D        | Found a bloodstained altar of Trog.
     2 | D        | Found a glowing silver altar of Zin.
     3 | D        | Found an iron altar of Okawaru.
     3 | D        | Found a snail-covered altar of Cheibriados.
     4 | D        | Found Giniroc's Distillery.
     4 | D        | Found an ornate altar of the Wu Jian Council.
     4 | D        | Found a blossoming altar of Fedhas.
     4 | D        | Found Guntaifu's Do-It-Yourself Clinic.
     5 | D        | Found Epashere's Distillery.
     5 | D        | Found Xoetsugg's Bottled Wisdom.
     5 | D        | Round 1.
     8 | D        | Found a hide-covered altar of Uskayaw.
     9 | D        | Found a roughly hewn altar of Beogh.
    10 | D        | Found Hegeruow's Weapon Rack.
    11 | D        | Found a radiant altar of Vehumet.
    11 | D        | Found an opulent altar of Gozag.
    11 | D        | Found a burning altar of Makhleb.
    11 | D        | Found Piemepidd's Premium Goods.
    11 | D        | Found Iragediofy's Basic Armour.
    11 | D        | Found Uwaewe's Miscellaneous Merchandise.
    17 | D        | Found a glowing golden altar of the Shining One.
    21 | D        | Became a worshipper of Gozag Ym Sagoz the Greedy
    24 | D        | Found a shimmering blue altar of Sif Muna.
    26 | D        | Found an ancient bone altar of Kikubaaqudgha.
    26 | D        | Found Rait's Identification Station.
    26 | D        | Found Baloqek's Advanced Armour.
    27 | D        | Found Eryzu's Jewellery.
    28 | D        | Found a stormy altar of Qazlal.
    28 | D        | Found a shadowy altar of Dithmenos.
    28 | D        | Found a viscous altar of Jiyva.
    28 | D        | Found Jeotisan's Delicious Food.
    32 | D        | Found a sacrificial altar of Ru.
    35 | D        | Found a shimmering altar of Xom.
    37 | D        | Found a basalt altar of Yredelemnul.
    37 | D        | Found Vaoner's Magic Scroll Shop.
    37 | D        | Found Botoygg's Magic Scroll Shop.
    38 | D        | Found Cucvemma's Must-Have Magic.
    39 | D        | Found a corrupted altar of Lugonu.
    39 | D        | Found Oking's Staff Store.
    87 | D        | Reached XP level 2. HP: 21/31 MP: 1/1
    93 | D        | Noticed a scorpion
   108 | D        | Killed a scorpion
   108 | D        | Reached XP level 3. HP: 32/39 MP: 2/2
   114 | D        | Arena points: 14 (+14) [x2]
   133 | D        | Bought a warped tin ring for 45 gold pieces
   133 | D        | Bought a steaming sapphire amulet for 45 gold pieces
   133 | D        | Bought a shimmering wooden ring for 45 gold pieces
   133 | D        | Identified the ring "Ceqiem" {+Inv +Fly rC- rN+++ Dex+2}
                  | (You bought it in a shop in the Dungeon)
   134 | D        | Identified the amulet of the Median {+Rage Int+4} (You
                  | bought it in a shop in the Dungeon)
   135 | D        | Identified the ring "Femol" {rPois rN+++ AC+2 Int+2 Stlth-}
                  | (You bought it in a shop in the Dungeon)
   136 | D        | Bought a pitted brass ring for 45 gold pieces
   137 | D        | Identified the ring "Pubod" {rC+ rN+} (You bought it in a
                  | shop in the Dungeon)
   144 | D        | Bought a warped shield for 332 gold pieces
   154 | D        | Identified the +5 shield of Bedevilment {Int+4} (You bought
                  | it in a shop in the Dungeon)
   162 | D        | Round 2.
   212 | D        | Reached XP level 4. HP: 48/48 MP: 3/3
   250 | D        | Arena points: 50 (+36) [x3]
   276 | D        | Round 3.
   302 | D        | Reached skill level 5 in Shields
   302 | D        | Reached skill level 5 in Unarmed Combat
   302 | D        | Reached XP level 5. HP: 52/55 MP: 4/4
   340 | D        | Reached skill level 5 in Dodging
   351 | D        | Reached skill level 5 in Fighting
   384 | D        | Arena points: 134 (+84) [x4]
   396 | D        | Bought a jewelled cloak for 332 gold pieces
   396 | D        | Bought a polished hat for 315 gold pieces
   401 | D        | Identified the +0 cloak "Geagy" {rN+ Regen+ Str+2 Int+5}
                  | (You bought it in a shop in the Dungeon)
   406 | D        | Identified the +1 hat of Xyisoe {rC+ MP-9 Int+6 Dex-4} (You
                  | bought it in a shop in the Dungeon)
   413 | D        | Bought 2 rations for 40 gold pieces
   413 | D        | Bought 2 rations for 40 gold pieces
   429 | D        | Round 4.
   445 | D        | Reached XP level 6. HP: 57/66 MP: 0/5
   478 | D        | Reached XP level 7. HP: 75/75 MP: 0/6
   490 | D        | Noticed a spiny frog
   499 | D        | Killed a spiny frog
   499 | D        | Reached skill level 10 in Unarmed Combat
   508 | D        | Noticed a blink frog
   541 | D        | Killed a blink frog
   541 | D        | Arena points: 274 (+140) [x5]
   573 | D        | Round 5.
   576 | D        | Bought a +0 troll leather armour for 180 gold pieces
   595 | D        | Noticed a spiny frog
   602 | D        | Killed a spiny frog
   602 | D        | Reached XP level 8. HP: 84/84 MP: 0/7
   614 | D        | Noticed a witch
   643 | D        | Killed a witch
   643 | D        | Arena points: 519 (+245) [x7]
   643 | D        | Reached skill level 1 in Stealth
   647 | D        | Got a decaying rune of Zot
   687 | D        | Bought a faintly humming large shield for 332 gold pieces
   697 | D        | Identified the +8 large shield of Dirgh {+Fly rCorr} (You
                  | bought it in a shop in the Dungeon)
   820 | D        | Round 6.
   821 | D        | Noticed a purple ugly thing
   828 | D        | Killed a purple ugly thing
   828 | D        | Reached XP level 9. HP: 93/93 MP: 0/8
   880 | D        | Noticed a brown ugly thing
   888 | D        | Noticed a white ugly thing
   891 | D        | Killed a brown ugly thing
   891 | D        | Reached skill level 1 in Armour
   901 | D        | Killed a white ugly thing
   903 | D        | Noticed a brown ugly thing
   920 | D        | Noticed a purple ugly thing
   921 | D        | Noticed a red ugly thing
   923 | D        | Killed a brown ugly thing
   928 | D        | Noticed a green ugly thing
   931 | D        | Noticed a white ugly thing
   936 | D        | Killed a green ugly thing
   936 | D        | Reached skill level 15 in Unarmed Combat
   936 | D        | Reached XP level 10. HP: 102/102 MP: 0/9
   943 | D        | Killed a purple ugly thing
   946 | D        | Killed a purple ugly thing
   946 | D        | Reached skill level 10 in Shields
   952 | D        | Killed a green ugly thing
   952 | D        | Arena points: 951 (+432) [x8]
   985 | D        | Bought +0 gold dragon scales for 960 gold pieces
   994 | D        | Round 7.
  1040 | D        | Noticed an orc knight
  1052 | D        | Killed an orc knight
  1083 | D        | Noticed an orc high priest
  1096 | D        | Killed an orc high priest
  1096 | D        | Arena points: 1518 (+567) [x9]
  1109 | D        | Bought 2 rations for 40 gold pieces
  1109 | D        | Bought 2 rations for 40 gold pieces
  1109 | D        | Bought 2 rations for 40 gold pieces
  1109 | D        | Bought 2 rations for 40 gold pieces
  1109 | D        | Bought 2 rations for 40 gold pieces
  1109 | D        | Bought 2 rations for 40 gold pieces
  1109 | D        | Bought 2 rations for 40 gold pieces
  1109 | D        | Bought 2 rations for 40 gold pieces
  1109 | D        | Bought 2 rations for 40 gold pieces
  1109 | D        | Bought 2 rations for 40 gold pieces
  1109 | D        | Bought 2 rations for 40 gold pieces
  1109 | D        | Bought 2 rations for 40 gold pieces
  1109 | D        | Bought 2 rations for 40 gold pieces
  1109 | D        | Bought 2 rations for 40 gold pieces
  1109 | D        | Bought 2 rations for 40 gold pieces
  1131 | D        | Bought 3 potions of heal wounds for 105 gold pieces
  1138 | D        | Bought a potion of mutation for 56 gold pieces
  1138 | D        | Gained mutation: You are dopey. (Int -2) [potion of
                  | mutation]
  1138 | D        | Gained mutation: You have large cloven feet. [potion of
                  | mutation]
  1154 | D        | Round 8.
  1157 | D        | Noticed a black mamba
  1164 | D        | Killed a black mamba
  1196 | D        | Noticed a shock serpent
  1201 | D        | Killed a shock serpent
  1213 | D        | Noticed a black mamba
  1222 | D        | Killed a black mamba
  1222 | D        | Reached XP level 11. HP: 104/111 MP: 1/10
  1229 | D        | Noticed an anaconda
  1239 | D        | Killed an anaconda
  1314 | D        | Arena points: 2318 (+800) [x10]
  1330 | D        | Bought a potion of curing for 21 gold pieces
  1330 | D        | Bought a potion of curing for 21 gold pieces
  1330 | D        | Bought 5 potions of berserk rage for 175 gold pieces
  1330 | D        | Bought 6 potions of might for 168 gold pieces
  1330 | D        | Bought 5 potions of haste for 350 gold pieces
  1338 | D        | Bought 3 potions of heal wounds for 105 gold pieces
  1338 | D        | Bought 3 potions of heal wounds for 105 gold pieces
  1338 | D        | Bought 3 potions of heal wounds for 105 gold pieces
  1364 | D        | Round 9.
  1432 | D        | Reached skill level 5 in Armour
  1448 | D        | Arena points: 3209 (+891) [x11]
  1493 | D        | Bought 4 scrolls of enchant armour for 300 gold pieces
  1493 | D        | Bought 4 scrolls of enchant armour for 300 gold pieces
  1493 | D        | Bought 3 scrolls of silence for 225 gold pieces
  1493 | D        | Bought 5 scrolls of blinking for 375 gold pieces
  1502 | D        | Bought 4 scrolls of enchant armour for 300 gold pieces
  1511 | D        | Round 10.
  1521 | D        | Noticed Arachne
  1542 | D        | Killed Arachne
  1542 | D        | Arena points: 4379 (+1170) [x13]
  1546 | D        | Got a gossamer rune of Zot
  1577 | D        | Bought a scroll of identify for 30 gold pieces
  1578 | D        | Bought a ration for 100 gold pieces
  1738 | D        | Round 11.
  1739 | D        | Noticed a deep troll
  1746 | D        | Killed a deep troll
  1755 | D        | Noticed a deep troll
  1762 | D        | Killed a deep troll
  1811 | D        | Noticed an iron troll
  1818 | D        | Killed an iron troll
  1818 | D        | Reached XP level 12. HP: 122/122 MP: 2/11
  1868 | D        | Arena points: 5919 (+1540) [x14]
  1876 | D        | Bought a ration for 60 gold pieces
  1876 | D        | Bought a ration for 60 gold pieces
  1876 | D        | Bought a ration for 60 gold pieces
  1876 | D        | Bought a ration for 60 gold pieces
  1876 | D        | Bought a ration for 60 gold pieces
  1876 | D        | Bought a ration for 60 gold pieces
  1876 | D        | Bought a ration for 60 gold pieces
  1876 | D        | Bought a ration for 60 gold pieces
  1876 | D        | Bought a ration for 60 gold pieces
  1885 | D        | Round 12.
  1970 | D        | Bought 20 rations for 1500 gold pieces
  1990 | D        | Arena points: 8259 (+2340) [x15]
  2007 | D        | Bought a heavily runed cloak for 332 gold pieces
  2007 | D        | Identified the -5 cloak of the Game of Kings {rF- rN+++ MR+
                  | Regen+} (You bought it in a shop in the Dungeon)
  2019 | D        | Bought a glittering platinum ring for 45 gold pieces
  2019 | D        | Bought a faintly glowing granite ring for 45 gold pieces
  2019 | D        | Bought a faintly glowing glass ring for 45 gold pieces
  2019 | D        | Bought a translucent amber ring for 45 gold pieces
  2020 | D        | Identified the ring of the Fifty Allies {rPois rN+ Str+2}
                  | (You bought it in a shop in the Dungeon)
  2023 | D        | Identified the ring of Feolyh {rC+ MR+} (You bought it in a
                  | shop in the Dungeon)
  2025 | D        | Identified the ring "Suer Pac" {rPois MP+9 Int-5 Slay+3
                  | SInv} (You bought it in a shop in the Dungeon)
  2027 | D        | Identified the ring "Afideov" {*Drain rC+ MR+ Str+4 SInv}
                  | (You bought it in a shop in the Dungeon)
  2053 | D        | Bought 4 potions of curing for 84 gold pieces
  2053 | D        | Bought 4 potions of curing for 84 gold pieces
  2053 | D        | Bought 4 potions of curing for 84 gold pieces
  2053 | D        | Bought 4 potions of curing for 84 gold pieces
  2053 | D        | Bought 4 potions of curing for 84 gold pieces
  2053 | D        | Bought 3 potions of heal wounds for 105 gold pieces
  2053 | D        | Bought 3 potions of heal wounds for 105 gold pieces
  2053 | D        | Bought 3 potions of heal wounds for 105 gold pieces
  2053 | D        | Bought 3 potions of heal wounds for 105 gold pieces
  2053 | D        | Bought 3 potions of heal wounds for 105 gold pieces
  2053 | D        | Bought 3 potions of heal wounds for 105 gold pieces
  2053 | D        | Bought 3 potions of heal wounds for 105 gold pieces
  2053 | D        | Bought 3 potions of heal wounds for 105 gold pieces
  2072 | D        | Round 13.
  2166 | D        | Noticed a green very ugly thing
  2173 | D        | Killed a green very ugly thing
  2207 | D        | Arena points: 10755 (+2496) [x16]
  2237 | D        | Bought 5 potions of berserk rage for 175 gold pieces
  2237 | D        | Bought 6 potions of resistance for 420 gold pieces
  2237 | D        | Bought 4 potions of haste for 280 gold pieces
  2237 | D        | Bought 3 potions of haste for 210 gold pieces
  2238 | D        | Bought 5 potions of haste for 350 gold pieces
  2259 | D        | Round 14.
  2343 | D        | Arena points: 12897 (+2142) [x17]
  2358 | D        | Round 15.
  2361 | D        | Bought 6 potions of resistance for 420 gold pieces
  2361 | D        | Bought 6 potions of might for 168 gold pieces
  2361 | D        | Bought 4 potions of haste for 280 gold pieces
  2361 | D        | Bought 3 potions of haste for 210 gold pieces
  2424 | D        | Noticed Fannar
  2458 | D        | Killed Fannar
  2458 | D        | Arena points: 16032 (+3135) [x19]
  2458 | D        | Reached skill level 15 in Shields
  2458 | D        | Reached XP level 13. HP: 113/128 MP: 12/12
  2462 | D        | Got an elven rune of Zot
  2482 | D        | Bought 3 potions of experience for 900 gold pieces
  2482 | D        | Reached skill level 1 in Throwing
  2482 | D        | Reached XP level 14. HP: 137/137 MP: 13/13
  2483 | D        | Reached skill level 1 in Evocations
  2483 | D        | Reached XP level 15. HP: 145/145 MP: 13/15
  2484 | D        | Reached skill level 10 in Dodging
  2484 | D        | Reached XP level 16. HP: 156/156 MP: 13/16
  2485 | D        | Reached XP level 17. HP: 162/162 MP: 13/17
  2486 | D        | Reached skill level 1 in Spellcasting
  2486 | D        | Reached XP level 18. HP: 171/171 MP: 13/18
  2487 | D        | Reached XP level 19. HP: 179/179 MP: 13/20
  2623 | D        | Round 16.
  2771 | D        | Arena points: 20832 (+4800) [x20]
  2807 | D        | Bought 3 potions of experience for 900 gold pieces
  2807 | D        | Bought 2 potions of experience for 600 gold pieces
  2807 | D        | Bought a potion of experience for 300 gold pieces
  2807 | D        | Reached XP level 20. HP: 125/188 MP: 21/21
  2808 | D        | Reached XP level 21. HP: 132/197 MP: 21/23
  2809 | D        | Reached XP level 22. HP: 140/206 MP: 21/24
  2810 | D        | Reached XP level 23. HP: 146/214 MP: 21/25
  2811 | D        | Reached skill level 10 in Fighting
  2811 | D        | Reached XP level 24. HP: 154/223 MP: 21/25
  2812 | D        | Reached XP level 25. HP: 161/231 MP: 21/25
  2821 | D        | Round 17.
  2843 | D        | Reached skill level 10 in Armour
  2867 | D        | Gained mutation: You occasionally shout uncontrollably at
                  | your foes. [a shining eye]
  2965 | D        | Arena points: 25116 (+4284) [x21]
  2993 | D        | Bought a potion of experience for 300 gold pieces
  2993 | D        | Reached XP level 26. HP: 241/241 MP: 25/25
  3010 | D        | Bought 3 scrolls of silence for 225 gold pieces
  3010 | D        | Bought 4 scrolls of fog for 80 gold pieces
  3010 | D        | Bought 5 scrolls of blinking for 375 gold pieces
  3010 | D        | Bought 4 scrolls of blinking for 300 gold pieces
  3010 | D        | Bought 3 scrolls of blinking for 225 gold pieces
  3012 | D        | Round 18.
  3033 | D        | Fell from the grace of Gozag
  3033 | D        | Became a worshipper of the Shining One
  3039 | D        | Reached * piety under the Shining One
  3044 | D        | Noticed Geryon
  3059 | D        | Reached ** piety under the Shining One
  3105 | D        | Killed Geryon
  3108 | D        | Reached *** piety under the Shining One
  3111 | D        | Reached **** piety under the Shining One
  3124 | D        | Reached ***** piety under the Shining One
  3175 | D        | Reached ****** piety under the Shining One
  3175 | D        | Arena points: 30264 (+5148) [x22]
  3211 | D        | Bought 3 scrolls of fog for 60 gold pieces
  3229 | D        | Round 19.
  3242 | D        | Reached skill level 1 in Invocations
  3394 | D        | Arena points: 36382 (+6118) [x23]
  3420 | D        | Round 20.
  3522 | D        | Arena points: 42382 (+6000) [x25]
  3720 | D        | Round 21.
  3780 | D        | Got a silver rune of Zot
  3782 | D        | Reached skill level 1 in Polearms
  3782 | D        | Reached skill level 5 in Evocations
  3782 | D        | Reached XP level 27. HP: 247/247 MP: 27/28
  3805 | D        | Reached skill level 27 in Unarmed Combat
  3852 | D        | Arena points: 50572 (+8190) [x26]
  3883 | D        | Round 22.
  3889 | D        | Noticed an ancient lich
  3891 | D        | Noticed an ancient lich
  3899 | D        | Killed an ancient lich
  3903 | D        | Killed an ancient lich
  3911 | D        | Noticed an ancient lich
  3918 | D        | Reached skill level 10 in Throwing
  3928 | D        | Killed an ancient lich
  3947 | D        | Noticed Boris
  3953 | D        | Noticed an ancient lich
  3963 | D        | Killed Boris
  3967 | D        | Killed an ancient lich
  3967 | D        | Reached skill level 10 in Invocations
  3977 | D        | Bought 2 potions of ambrosia for 112 gold pieces
  3995 | D        | Noticed Boris
  3996 | D        | Noticed an ancient lich
  4002 | D        | Killed Boris
  4004 | D        | Killed an ancient lich
  4049 | D        | Arena points: 61858 (+11286) [x27]
  4049 | D        | Reached skill level 15 in Throwing
  4049 | D        | Reached skill level 15 in Armour
  4072 | D        | Bought 6 potions of agility for 168 gold pieces
  4073 | D        | Bought a potion of resistance for 70 gold pieces
  4073 | D        | Bought 5 potions of berserk rage for 175 gold pieces
  4073 | D        | Bought 5 potions of berserk rage for 175 gold pieces
  4073 | D        | Bought 6 potions of agility for 168 gold pieces
  4074 | D        | Round 23.
  4166 | D        | Noticed Jory
  4179 | D        | Killed Jory
  4214 | D        | Arena points: 72162 (+10304) [x28]
  4275 | D        | Round 24.
  4403 | D        | Arena points: 82602 (+10440) [x29]
  4471 | D        | Round 25.
  4485 | D        | Noticed Dissolution
  4504 | D        | Killed Dissolution
  4504 | D        | Arena points: 93452 (+10850) [x31]
  4504 | D        | Reached skill level 15 in Invocations
  4509 | D        | Got a slimy rune of Zot
  4548 | D        | Bought 4 scrolls of blinking for 300 gold pieces
  4548 | D        | Bought 3 scrolls of blinking for 225 gold pieces
  4549 | D        | Bought 5 scrolls of fog for 100 gold pieces
  4550 | D        | Bought 5 scrolls of fog for 100 gold pieces
  4550 | D        | Bought 4 scrolls of fog for 80 gold pieces
  4550 | D        | Bought 3 scrolls of fog for 60 gold pieces
  4707 | D        | Round 26.
  4782 | D        | Arena points: 110924 (+17472) [x32]
  4797 | D        | Round 27.
  4834 | D        | Noticed an ancient lich
  4840 | D        | Killed an ancient lich
  4875 | D        | Noticed an ancient lich
  4878 | D        | Killed an ancient lich
  4884 | D        | Noticed an orb of fire
  4899 | D        | Killed an orb of fire
  4940 | D        | Identified the +4 dragonskin cloak
  4940 | D        | Noticed Tiamat
  4962 | D        | Killed Tiamat
  4965 | D        | Reached skill level 27 in Shields
  4995 | D        | Arena points: 126071 (+15147) [x33]
  5015 | D        | Got the Orb of Zot
  5061 | D        | Escaped with the Orb!

Levels and vault maps discovered:
D:        arena_sprint

Skill      XL: |  1  2  3  4  5  6  7  8  9 10 11 12 13 14 15 16 17 18 19 20 21 22 23 24 25 26 27 |
---------------+----------------------------------------------------------------------------------+-----
Fighting       | 3 4 5 6 7 8 9 10 12 | 12.0
Dodging        | 3 4 6 7 8 9 10 11 | 11.2
Shields        | 3 4 5 6 8 9 10 13 15 16 17 19 27 | 27.0
Unarmed Combat | 3 5 7 8 11 13 15 17 19 22 23 24 26 27 | 27.0
Stealth        | 1 2 3 |  3.6
Armour         | 1 4 6 7 8 9 10 11 17 | 17.8
Throwing       | 1 2 3 24 | 24.8
Evocations     | 1 2 3 4 5 |  5.1
Spellcasting   | 1 2 |  2.5
Invocations    | 8 19 | 19.9
Polearms       | 1 |  1.3

Action                   |  1- 3 |  4- 6 |  7- 9 | 10-12 | 13-15 | 16-18 | 19-21 | 22-24 | 25-27 || total
-------------------------+-------+-------+-------+-------+-------+-------+-------+-------+-------++-------
Melee: Unarmed           |    34 |    38 |    90 |   307 |       |       |    50 |       |   360 ||   879
       Kick              |       |       |       |    76 |       |       |    14 |       |   131 ||   221
Throw: Javelin           |       |       |       |       |       |       |       |       |    61 ||    61
Invok: Call Merchant     |       |       |       |     1 |       |       |       |       |       ||     1
       Cleansing Flame   |       |       |       |       |       |       |       |       |    10 ||    10
       Summon Divine War |       |       |       |       |       |       |       |       |     2 ||     2
  Use: Potion            |       |       |       |     1 |     3 |     3 |     3 |     3 |    14 ||    27
       Scroll            |       |       |       |    13 |       |       |       |       |     2 ||    15
 Stab: Distracted        |       |       |       |     2 |       |       |     1 |       |       ||     3
  Eat: Ration            |       |       |     2 |     4 |       |       |     1 |       |     3 ||    10
       Chunk             |       |       |       |       |       |       |       |       |    14 ||    14
Armor: Robe              |     5 |     5 |     1 |       |       |       |       |       |       ||    11
       Troll leather arm |       |       |    11 |     1 |       |       |       |       |       ||    12
       Gold dragon scale |       |       |       |    57 |       |       |    14 |       |   131 ||   202
Dodge: Dodged            |     3 |     7 |    11 |    11 |       |       |     5 |       |    47 ||    84
Block: Shield            |    13 |    14 |    11 |       |       |       |       |       |       ||    38
       Large shield      |       |       |    19 |   239 |       |       |    46 |       |   484 ||   788
